MLB
COLORADO ROCKIES @ CINCINNATI REDS
10/18/2098
 
TOP OF THE 1ST
Colorado Rockies batting - Pitching for Cincinnati Reds : RHP Nick LeBoeuf
Pitching: RHP Nick LeBoeuf
Batting: LHB Glenn Sewell 0-0: Ball
1-0: Foul Ball, location: 3F
1-1: Ball
2-1: Fly out, F9 (Flyball, 9, EV 86.9 MPH)
Batting: RHB Mike Woodard 0-0: Ball
1-0: Swinging Strike
1-1: Ground out 5-3 (Groundball, 56S, EV 68.8 MPH)
Batting: LHB Matt Beck 0-0: Ground out 4-3 (Groundball, 4M, EV 91.9 MPH)
Top of the 1st over - 0 runs, 0 hits, 0 errors, 0 left on base; Colorado 0 - Cincinnati 0
BOTTOM OF THE 1ST
Cincinnati Reds batting - Pitching for Colorado Rockies : RHP Danny Dudley
Pitching: RHP Danny Dudley
Batting: LHB Jonathan Nelson 0-0: Ball
1-0: Ball
2-0: Foul Ball, location: 2F
2-1: Ball
3-1: Called Strike
3-2: Fly out, F7 (Flyball, 78S, EV 78.1 MPH)
Batting: RHB Dave Truax 0-0: Ball
1-0: Foul Ball, location: 25F
1-1: Swinging Strike
1-2: Strikes out looking
Batting: LHB Steve Carbone 0-0: Swinging Strike
0-1: Ball
1-1: Ball
2-1: Foul Ball, location: 23F
2-2: Foul Ball, location: 7LDF
2-2: Foul Ball, location: 2F
2-2: SINGLE (Groundball, 4MD, EV 105.0 MPH)
Batting: RHB Tim Mercer 0-0: Swinging Strike
0-1: Swinging Strike
0-2: Strikes out looking
Bottom of the 1st over - 0 runs, 1 hit, 0 errors, 1 left on base; Colorado 0 - Cincinnati 0
TOP OF THE 2ND
Colorado Rockies batting - Pitching for Cincinnati Reds : RHP Nick LeBoeuf
Batting: RHB Kosuke Sakai 0-0: Ground out 6-3 (Groundball, 6, EV 101.9 MPH)
Batting: LHB Jim Davis 0-0: Called Strike
0-1: Ball
1-1: Reached via error on a dropped throw from 2B, E3 (Groundball, 4, EV 81.3 MPH)
Batting: LHB Jeremy Papish 0-0: Called Strike
0-1: Fielders Choice at 2nd, 4-6 (Groundball, 4, EV 82.5 MPH)
Batting: LHB Mike Keatts 0-0: SINGLE (Groundball, 5D, EV 108.1 MPH)
Jeremy Papish to second
Runner from 2nd tries for 3rd, SAFE, throw by LF made to third
Batting: LHB Carlos Parez 0-0: Ball
1-0: Fielders Choice at 2nd, 6-4 (Groundball, 6, EV 83.1 MPH)
Top of the 2nd over - 0 runs, 1 hit, 1 error, 2 left on base; Colorado 0 - Cincinnati 0
BOTTOM OF THE 2ND
Cincinnati Reds batting - Pitching for Colorado Rockies : RHP Danny Dudley
Batting: RHB Earl Boivin 0-0: Foul Ball, location: 2LF
0-1: SINGLE (Line Drive, 8LS, EV 97.5 MPH)
Batting: RHB Jamie Schexnider 0-0: Ball
1-0: Called Strike
1-1: Called Strike
1-2: Ball
2-2: SINGLE (Line Drive, 9LM, EV 108.1 MPH)
Earl Boivin to second
Batting: SHB Jamie Moore 0-0: Ball
1-0: Called Strike
1-1: Ball
2-1: Ball
3-1: Fly out, F8 (Flyball, 8LM, EV 96.9 MPH)
Batting: RHB Erik Schmidt 0-0: Ground out 5-3 (Groundball, 56S, EV 71.9 MPH)
Earl Boivin to third
Jamie Schexnider to second
Batting: RHB Ricky Correa 0-0: Ball
1-0: Foul Ball, location: 9LSF
1-1: Ball
2-1: Fly out, F7 (Flyball, 78D, EV 100.0 MPH)
Bottom of the 2nd over - 0 runs, 2 hits, 0 errors, 2 left on base; Colorado 0 - Cincinnati 0
TOP OF THE 3RD
Colorado Rockies batting - Pitching for Cincinnati Reds : RHP Nick LeBoeuf
Batting: LHB Jesus Pena 0-0: Ball
1-0: Swinging Strike
1-1: Ball
2-1: Ball
3-1: Foul Ball, location: 5SF
3-2: SOLO HOME RUN (Flyball, 89XD, EV 98.8 MPH), Distance : 396 ft
Batting: LHB Glenn Sewell 0-0: Called Strike
0-1: Called Strike
0-2: Strikes out looking
Batting: RHB Mike Woodard 0-0: Ball
1-0: Fly out, F7 (Flyball, 7LM, EV 96.3 MPH)
Batting: LHB Matt Beck 0-0: Foul Ball, location: 3F
0-1: SOLO HOME RUN (Flyball, 9D, EV 98.8 MPH), Distance : 386 ft
Batting: RHB Kosuke Sakai 0-0: Foul Ball, location: 5F
0-1: SOLO HOME RUN (Flyball, 89XD, EV 102.5 MPH), Distance : 397 ft
Batting: LHB Jim Davis 0-0: SINGLE (Groundball, 5D, EV 107.5 MPH)
Batting: LHB Jeremy Papish 0-0: Ball
1-0: Called Strike
1-1: SINGLE (Line Drive, 6D, EV 96.3 MPH)
Jim Davis to second
Batting: LHB Mike Keatts 0-0: Ball
1-0: Foul Ball, location: 2F
1-1: Swinging Strike
1-2: Ball
2-2: Ball
3-2: Fly out, F8 (Flyball, 78XD, EV 100.0 MPH)
Top of the 3rd over - 3 runs, 5 hits, 0 errors, 2 left on base; Colorado 3 - Cincinnati 0
BOTTOM OF THE 3RD
Cincinnati Reds batting - Pitching for Colorado Rockies : RHP Danny Dudley
Batting: LHB Jonathan Nelson 0-0: SINGLE (Groundball, 34D, EV 97.5 MPH)
Batting: RHB Dave Truax 0-0: Ball
1-0: Swinging Strike
1-1: Foul Ball, location: 2F
1-2: Strikes out swinging
Batting: LHB Steve Carbone 0-0: Ball
1-0: Foul Ball, location: 3DF
1-1: Swinging Strike
1-2: Strikes out swinging
Batting: RHB Tim Mercer 0-0: Called Strike
0-1: SINGLE (Groundball, 34, EV 100.0 MPH)
Jonathan Nelson to second
Runner from 2nd tries for 3rd, SAFE, throw by RF made to third
Batting: RHB Earl Boivin Balk!
Jonathan Nelson scores
Tim Mercer to second
0-0: Foul Ball, location: 5F
0-1: Ball
1-1: Foul Ball, location: 25FF
1-2: Ball
2-2: Fly out, F8 (Flyball, 8LM, EV 96.3 MPH)
Bottom of the 3rd over - 1 run, 2 hits, 0 errors, 1 left on base; Colorado 3 - Cincinnati 1
TOP OF THE 4TH
Colorado Rockies batting - Pitching for Cincinnati Reds : RHP Nick LeBoeuf
Batting: LHB Carlos Parez 0-0: Called Strike
0-1: Hit by Pitch
Batting: LHB Jesus Pena 0-0: Grounds into double play, 4-6-3 (Groundball, 34, EV 89.4 MPH)
Batting: LHB Glenn Sewell 0-0: Foul Ball, location: 3FF
0-1: Fly out, F8 (Line Drive, 8RS, EV 91.3 MPH)
Top of the 4th over - 0 runs, 0 hits, 0 errors, 0 left on base; Colorado 3 - Cincinnati 1
BOTTOM OF THE 4TH
Cincinnati Reds batting - Pitching for Colorado Rockies : RHP Danny Dudley
Batting: RHB Jamie Schexnider 0-0: Ball
1-0: Called Strike
1-1: Ball
2-1: Ball
3-1: Base on Balls
Batting: SHB Jamie Moore 0-0: 2-RUN HOME RUN (Flyball, 7D, EV 100.0 MPH), Distance : 393 ft
Batting: RHB Erik Schmidt 0-0: Foul Ball, location: 2F
0-1: Ball
1-1: SINGLE (Line Drive, 8LS, EV 88.1 MPH)
Batting: RHB Ricky Correa 0-0: Ball
1-0: Called Strike
Erik Schmidt steals 2nd base (no throw)
1-1: Foul Ball, location: 5F
1-2: Foul Ball, location: 7LMF
1-2: Strikes out swinging
Batting: LHB Jonathan Nelson 0-0: Called Strike
0-1: Ball
1-1: Ball
2-1: Ground out 6-3 (Groundball, 6M, EV 84.4 MPH)
Erik Schmidt to third
Batting: RHB Dave Truax 0-0: Ball
1-0: Fly out, F9 (Flyball, 9D, EV 110.0 MPH)
Bottom of the 4th over - 2 runs, 2 hits, 0 errors, 1 left on base; Colorado 3 - Cincinnati 3
TOP OF THE 5TH
Colorado Rockies batting - Pitching for Cincinnati Reds : RHP Nick LeBoeuf
Batting: RHB Mike Woodard 0-0: Ground out 4-3 (Groundball, 4D, EV 101.9 MPH)
Batting: LHB Matt Beck 0-0: Foul Ball, location: 2F
0-1: Ball
1-1: Foul Ball, location: 2LF
1-2: Foul Ball, location: 2F
1-2: Ball
2-2: Foul Ball, location: 25F
2-2: Foul Ball, location: 7LDF
2-2: Strikes out looking
Batting: RHB Kosuke Sakai 0-0: Ball
1-0: Fly out, F4 (Popup, 34S, EV 78.1 MPH)
Top of the 5th over - 0 runs, 0 hits, 0 errors, 0 left on base; Colorado 3 - Cincinnati 3
BOTTOM OF THE 5TH
Cincinnati Reds batting - Pitching for Colorado Rockies : RHP Danny Dudley
Batting: LHB Steve Carbone 0-0: Ball
1-0: Ball
2-0: Ball
3-0: Called Strike
3-1: Foul Ball, location: 7LDF
3-2: Base on Balls
Batting: RHB Tim Mercer 0-0: Swinging Strike
0-1: Ball
1-1: Ball
2-1: SINGLE (Line Drive, 9S, EV 96.9 MPH)
Steve Carbone to second
Pitching: RHP Chris Colbert
Batting: RHB Earl Boivin 0-0: Called Strike
0-1: Fly out, F3 (Popup, 3F, EV 74.4 MPH)
Batting: RHB Jamie Schexnider 0-0: Ball
1-0: Ball
2-0: Foul Ball, location: 2F
2-1: Ball
3-1: Swinging Strike
3-2: Foul Ball, location: 9LMF
3-2: SINGLE (Groundball, 4MD, EV 103.1 MPH)
Steve Carbone to third
Tim Mercer to second
Batting: SHB Jamie Moore 0-0: Ball
1-0: Ball
2-0: SINGLE (Line Drive, 9LS, EV 94.4 MPH)
Steve Carbone scores
Tim Mercer to third
Jamie Schexnider to second
Batting: RHB Erik Schmidt 0-0: Grounds into fielders choice 3-2 (Groundball, 34S, EV 83.8 MPH)
Jamie Schexnider to third
Jamie Moore to second
Batting: RHB Ricky Correa 0-0: Ball
1-0: Ball
2-0: Fly out, F7 (Line Drive, 78S, EV 103.1 MPH)
Bottom of the 5th over - 1 run, 3 hits, 0 errors, 3 left on base; Colorado 3 - Cincinnati 4
TOP OF THE 6TH
Colorado Rockies batting - Pitching for Cincinnati Reds : RHP Nick LeBoeuf
Batting: LHB Jim Davis 0-0: Foul Ball, location: 2F
0-1: Fly out, F8 (Line Drive, 89M, EV 94.4 MPH)
Batting: LHB Jeremy Papish 0-0: Called Strike
0-1: Ball
1-1: Called Strike
1-2: Ball
2-2: SINGLE (Line Drive, 3D, EV 105.6 MPH)
Batting: LHB Mike Keatts 0-0: Ball
Jeremy Papish steals 2nd base
1-0: Called Strike
1-1: Foul Ball, location: 3FF
1-2: Fly out, F3 (Line Drive, 34, EV 110.0 MPH)
Batting: LHB Carlos Parez 0-0: Called Strike
0-1: Fly out, F7 (Flyball, 78S, EV 96.3 MPH)
Top of the 6th over - 0 runs, 1 hit, 0 errors, 1 left on base; Colorado 3 - Cincinnati 4
BOTTOM OF THE 6TH
Cincinnati Reds batting - Pitching for Colorado Rockies : RHP Chris Colbert
Batting: LHB Jonathan Nelson 0-0: Foul Ball, location: 9LMF
0-1: Ball
1-1: Called Strike
1-2: Foul Ball, location: 25F
1-2: Ball
2-2: Ball
3-2: Base on Balls
Batting: RHB Dave Truax 0-0: Called Strike
0-1: Ball
1-1: Ball
2-1: Grounds into double play, 4-6-3 (Groundball, 4, EV 80.0 MPH)
Batting: LHB Steve Carbone 0-0: Ball
1-0: SINGLE (Line Drive, 9S, EV 105.6 MPH)
Batting: RHB Tim Mercer 0-0: Foul Ball, location: 3F
0-1: Foul Ball, location: 9LMF
0-2: DOUBLE (Line Drive, 9LD, EV 106.3 MPH)
Steve Carbone to third
Batting: RHB Earl Boivin 0-0: Foul Ball, location: 2F
0-1: Called Strike
0-2: Strikes out swinging
Bottom of the 6th over - 0 runs, 2 hits, 0 errors, 2 left on base; Colorado 3 - Cincinnati 4
TOP OF THE 7TH
Colorado Rockies batting - Pitching for Cincinnati Reds : RHP Nick LeBoeuf
Batting: LHB Jesus Pena 0-0: Ball
1-0: Foul Ball, location: 2F
1-1: Ball
2-1: Ground out 6-3 (Groundball, 6, EV 86.9 MPH)
Pitching: LHP C.J. Williams
Pinch Hitting: RHB Ricky Aguilera 0-0: Ball
1-0: Foul Ball, location: 25FF
1-1: Ball
2-1: Foul Ball, location: 5DF
2-2: Ball
3-2: Foul Ball, location: 2F
3-2: Foul Ball, location: 2F
3-2: Foul Ball, location: 9LDF
3-2: Strikes out swinging
Batting: RHB Mike Woodard 0-0: Ground out 1-3 (Groundball, 13S, EV 68.8 MPH)
Top of the 7th over - 0 runs, 0 hits, 0 errors, 0 left on base; Colorado 3 - Cincinnati 4
BOTTOM OF THE 7TH
Cincinnati Reds batting - Pitching for Colorado Rockies : RHP Chris Colbert
Pitching: RHP Gustavo Becerra
Now in LF: Tony Thomas
Batting: RHB Jamie Schexnider 0-0: Called Strike
0-1: Ball
1-1: Ball
2-1: Foul Ball, location: 7LSF
2-2: Fly out, F1 (Line Drive, P, EV 72.5 MPH)
Batting: SHB Jamie Moore 0-0: Foul Ball, location: 25FF
0-1: Ball
1-1: Called Strike
1-2: Ball
2-2: Foul Ball, location: 7LDF
2-2: Foul Ball, location: 2F
2-2: SINGLE (Groundball, 4MS, EV 70.0 MPH) (infield hit)
Batting: RHB Erik Schmidt 0-0: Ball
1-0: Ball
2-0: Foul Ball, location: 9LDF
2-1: Swinging Strike
2-2: Ball
3-2: Strikes out swinging
Batting: RHB Ricky Correa 0-0: Ball
1-0: Swinging Strike
1-1: Fielders Choice at 2nd, 5-4 (Groundball, 5L, EV 107.5 MPH)
Bottom of the 7th over - 0 runs, 1 hit, 0 errors, 1 left on base; Colorado 3 - Cincinnati 4
TOP OF THE 8TH
Colorado Rockies batting - Pitching for Cincinnati Reds : LHP C.J. Williams
Pitching: RHP Mike Yates
Now in LF: B.J. Illiano
Batting: LHB Matt Beck 0-0: Foul Ball, location: 2F
0-1: Foul Ball, location: 5SF
0-2: Ball
1-2: SINGLE (Groundball, 6MD, EV 95.0 MPH)
Batting: RHB Kosuke Sakai 0-0: Called Strike
0-1: Fly out, F9 (Flyball, 9D, EV 75.6 MPH)
Batting: LHB Jim Davis 0-0: Called Strike
0-1: Ball
1-1: Ball
2-1: Called Strike
2-2: Grounds into double play, 1-4-3 (Groundball, 15S, EV 67.5 MPH)
Top of the 8th over - 0 runs, 1 hit, 0 errors, 0 left on base; Colorado 3 - Cincinnati 4
BOTTOM OF THE 8TH
Cincinnati Reds batting - Pitching for Colorado Rockies : RHP Gustavo Becerra
Batting: LHB Jonathan Nelson 0-0: Ball
1-0: Swinging Strike
1-1: Foul Ball, location: 9LSF
1-2: Ball
2-2: Strikes out swinging
Batting: RHB Dave Truax 0-0: Ball
1-0: Called Strike
1-1: Called Strike
1-2: Ball
2-2: Strikes out swinging
Batting: LHB Steve Carbone 0-0: Ball
1-0: Swinging Strike
1-1: Foul Ball, location: 2F
1-2: Strikes out looking
Bottom of the 8th over - 0 runs, 0 hits, 0 errors, 0 left on base; Colorado 3 - Cincinnati 4
TOP OF THE 9TH
Colorado Rockies batting - Pitching for Cincinnati Reds : RHP Mike Yates
Batting: LHB Jeremy Papish 0-0: Called Strike
0-1: Swinging Strike
0-2: Foul Ball, location: 9LSF
0-2: Ball
1-2: Strikes out swinging
Batting: LHB Mike Keatts 0-0: Swinging Strike
0-1: Called Strike
0-2: Ground out U3 (Groundball, 3, EV 106.3 MPH)
Batting: LHB Carlos Parez 0-0: Ball
1-0: SOLO HOME RUN (Flyball, 78XD, EV 106.9 MPH), Distance : 425 ft
Batting: LHB Jesus Pena 0-0: Called Strike
0-1: Ground out 6-3 (Groundball, 6, EV 87.5 MPH)
Top of the 9th over - 1 run, 1 hit, 0 errors, 0 left on base; Colorado 4 - Cincinnati 4
BOTTOM OF THE 9TH
Cincinnati Reds batting - Pitching for Colorado Rockies : RHP Gustavo Becerra
Pitching: RHP Xavier Clayton
Batting: RHB Tim Mercer 0-0: Ball
1-0: Foul Ball, location: 7LDF
1-1: Ball
2-1: SINGLE (Line Drive, 4D, EV 104.4 MPH)
Batting: RHB Earl Boivin 0-0: DOUBLE (Line Drive, 3D, EV 99.4 MPH)
Tim Mercer to third
Batting: RHB Jamie Schexnider 0-0: Intentional Walk
Batting: RHB B.J. Illiano 0-0: Swinging Strike
0-1: Foul Ball, location: 3SF
0-2: Ball
1-2: Strikes out swinging
Batting: RHB Erik Schmidt 0-0: Ball
1-0: Called Strike
1-1: Ball
2-1: Foul Ball, location: 9LDF
2-2: SINGLE (Groundball, 56, EV 88.1 MPH)
Tim Mercer scores
Bottom of the 9th over - 1 run, 3 hits, 0 errors, 2 left on base; Colorado 4 - Cincinnati 5
Wednesday, April 17th , 2024 - OOTP Baseball 24.11 Build 85